 Dungeon Crawl Stone Soup version 0.24.0-125-gc4c63601f3 (webtiles) character file.

Game seed: 16401923875603822998, levelgen mode: deterministic

33 Curus the Distorting Demonspawn (level 3, 0/29 HPs)
             Began as a Demonspawn Abyssal Knight on Feb 17, 2020.
             Was a Believer of Lugonu.
             Slain by a leopard gecko (4 damage)
             ... on level 2 of the Dungeon.
             The game lasted 00:04:40 (1236 turns).

Curus the Distorting Demonspawn (DsAK)              Turns: 1236, Time: 00:04:40

Health: 0/29       AC:  3    Str:  9 (12) XL:     3   Next: 12%
Magic:  5/5        EV: 11    Int: 13      God:    Lugonu [**....]
Gold:   72         SH:  0    Dex: 10 (13) Spells: 2/2 levels left

rFire    . . .     SeeInvis .   a - +1 spear
rCold    . . .     Gourm    .   (no shield)
rNeg     . . .     Faith    .   b - +0 leather armour
rPois    .         Spirit   .   (no helmet)
rElec    .         Reflect  .   (no cloak)
rCorr    .         Harm     .   (no gloves)
MR       .....                  (no boots)
Stlth    +.........             (no amulet)
HPRegen  0.09/turn              d - ring of wizardry
MPRegen  0.09/turn              (no ring)

@: no status effects
A: hooves 2
a: Depart the Abyss, Bend Space, Renounce Religion


You were on level 2 of the Dungeon.
You worshipped Lugonu.
Lugonu was pleased with you.
You were not hungry.

You visited 1 branch of the dungeon, and saw 2 of its levels.
You visited the Abyss 1 time.

You collected 72 gold pieces.

Inventory:

Hand Weapons
 a - a +1 spear (weapon)
Armour
 b - a +0 leather armour (worn)
Jewellery
 d - a ring of wizardry (left hand)
Scrolls
 e - a scroll of immolation {unknown}
 h - a scroll of enchant weapon {unknown}
Potions
 g - 2 potions of curing
Comestibles
 c - 2 rations
 f - a chunk of flesh


   Skills:
 - Level 3.0 Fighting
 + Level 2.6 Polearms
 - Level 1.7 Armour
 - Level 0.8 Dodging
 + Level 3.7 Invocations


You had 2 spell levels left.
You didn't know any spells.
Your spell library was empty.

Dungeon Overview and Level Annotations

Branches:
Dungeon (2/15)

Altars:


Innate Abilities, Weirdness & Mutations

You have hoof-like feet.


Message History

You reach to attack!
You barely miss the bat. The bat hits you.
You closely miss the bat. Your kick misses the bat. The bat misses you.
You closely miss the bat. The bat hits you but does no damage.
The leopard gecko bites you.
You hit the bat. Your kick misses the bat.
The bat is moderately wounded.
The bat hits you but does no damage.
The leopard gecko bites you but does no damage.
You barely miss the bat.
The bat is moderately wounded.
The bat hits you but does no damage. The leopard gecko bites you.
* * * LOW HITPOINT WARNING * * *
You miss the bat.
The bat is moderately wounded.
The bat barely misses you. The leopard gecko bites you.
* * * LOW HITPOINT WARNING * * *
You hit the bat. Your kick misses the bat.
The bat is severely wounded.
The bat barely misses you. The leopard gecko bites you.
You die...

####### #.....# #####
##..=..#
....#####<.....# .
....##.).......# ...
.....†.###.....####.....
........##......@l......
........##....b.......).
..............#####.....
.........†........ ..?.
.........##.###### ...
............# ..
..........### .
#####....## ##.....


You could see a leopard gecko and a bat.

Vanquished Creatures
  A dart slug (D:1)
  A leopard gecko (D:1)
  A ball python (D:1)
  4 bats
  3 giant cockroaches
  3 goblins (D:1)
  6 hobgoblins
  3 kobolds
  2 frilled lizards (D:1)
  2 rats (D:1)
26 creatures vanquished.

Notes
Turn   | Place    | Note
-------+----------+-------------------------------------------
     0 | Abyss:1  | Curus the Demonspawn Abyssal Knight began the quest for the
                  | Orb.
     0 | Abyss:1  | Reached XP level 1. HP: 18/18 MP: 2/2
    28 | D:1      | Escaped the Abyss
   493 | D:1      | Gained mutation: You have large cloven feet. [demonic
                  | ancestry]
   493 | D:1      | Reached XP level 2. HP: 22/24 MP: 4/4
  1019 | D:1      | Reached ** piety under Lugonu
  1171 | D:2      | Gained mutation: You have hoof-like feet. [demonic
                  | ancestry]
  1171 | D:2      | Reached XP level 3. HP: 28/29 MP: 5/5
  1236 | D:2      | Slain by a leopard gecko

Levels and vault maps discovered:
D:1:      dpeg_arrival_orchard, layout_loops_ring
D:2:      layout_rooms, first_ration

Skill      XL: |  1 |
---------------+----+-----
Polearms       | 2 |  2.6
Invocations    | 3 |  3.7
Fighting       | |  3.0
Armour         | |  1.7
Dodging        | |  0.8

Action                   || total
-------------------------++-------
Melee: Spear             ||   113
       Kick              ||     6
  Use: Potion            ||     4
       Scroll            ||     1
  Eat: Chunk             ||     1
Armor: Leather armour    ||    40
Dodge: Dodged            ||    71
